 Dungeon Crawl Stone Soup version 0.20.1-1-g8b1a95d (webtiles) character file.

2299 Linguinho the Grappler (level 9, 0/80 HPs)
             Began as a Troll Hunter on Nov 14, 2017.
             Slain by an orc wizard
             ... wielding a +0 dagger of freezing
              (1 damage)
             ... on level 7 of the Dungeon.
             The game lasted 00:10:32 (5038 turns).

Linguinho the Grappler (Troll Hunter)               Turns: 5038, Time: 00:10:35

Health: 0/80       AC:  5    Str: 29 (30) XL:     9   Next: 17%
Magic:  8/8        EV: 10    Int:  4 (7)  God:
Gold:   409        SH:  0    Dex:  7 (10) Spells: 8/8 levels left

rFire    . . .     SeeInvis .     - Unarmed
rCold    . . .     Gourm    +   (no shield)
rNeg     . . .     Faith    .   b - +0 robe
rPois    .         Spirit   .   (helmet restricted)
rElec    .         Reflect  .   (no cloak)
rCorr    .         Harm     .   (gloves unavailable)
MR       .....                  (boots unavailable)
Stlth    +.........             (no amulet)
Regen    0.7/turn               (no ring)
MPRegen  0.2/turn               (no ring)

@: mighty, flying
A: unfitting armour, claws 3, fast metabolism 3, gourmand, regeneration 1,
shaggy fur 1, tough skin 2
a: no special abilities


You were on level 7 of the Dungeon.
You were very full.

You visited 1 branch of the dungeon, and saw 7 of its levels.

You collected 409 gold pieces.

Inventory:

Missiles
 c - 4 large rocks
 d - 3 throwing nets
 A - 4 tomahawks (quivered)
Armour
 b - a +0 robe (worn)
Jewellery
 y - a cursed -4 ring of dexterity {unknown}
 B - an uncursed ring of positive energy {unknown}
Wands
 D - a wand of random effects (27/48)
 F - a wand of confusion (20/48)
 G - a wand of digging (7/24)
Scrolls
 e - 5 scrolls of identify {unknown}
 g - 5 scrolls of remove curse {unknown}
 h - a scroll of fear {unknown}
 j - 4 scrolls of magic mapping {unknown}
 l - 5 scrolls of teleportation {unknown}
 m - 2 scrolls of enchant armour {unknown}
 n - a scroll of immolation {unknown}
 r - a scroll of blinking {unknown}
 s - 2 scrolls of amnesia {unknown}
 C - a scroll of recharging {unknown}
Potions
 o - a potion of curing
 p - a potion of might
 q - a potion of lignification {unknown}
 u - a potion of mutation {unknown}
 w - a potion of haste {unknown}
 x - 3 potions of degeneration
 z - a potion of agility {unknown}
 E - a potion of magic
Comestibles
 a - 4 royal jellies
 f - 5 bread rations
 i - 4 meat rations
 k - 4 fruits
 t - 7 chunks of flesh


   Skills:
 + Level 2.7 Fighting
 + Level 6.1 Throwing
 + Level 3.3 Dodging
 - Level 1.5 Stealth
 * Level 9.5 Unarmed Combat


You had 8 spell levels left.
You didn't know any spells.

Dungeon Overview and Level Annotations

Branches:
Dungeon (7/15)             Temple (0/1) D:6

Altars:
Sif Muna
Uskayaw
Yredelemnul

Shops:
D:4 [


Innate Abilities, Weirdness & Mutations

You are too large for most types of armour.
You have claws for hands.
Your metabolism is lightning-fast.
You like to eat raw meat.
Your natural rate of healing is unusually fast.
You are covered in fur. (AC +1)
You have very tough skin. (AC +2)


Message History

The orc wizard barely misses you.
The orc wizard hits you with a dagger of freezing.
* * * LOW HITPOINT WARNING * * *
The orc wizard freezes you.
* * * LOW HITPOINT WARNING * * *
It was a potion of magic.
Magic courses through your body.
The orc wizard points at you and mumbles some strange words.
You easily resist.
The orc wizard hits you with a dagger of freezing.
* * * LOW HITPOINT WARNING * * *
The orc wizard freezes you.
* * * LOW HITPOINT WARNING * * *
The orc wizard barely misses you.
It was a potion of flight.
You feel very buoyant.
You fly up into the air.
The orc wizard hits you with a dagger of freezing.
* * * LOW HITPOINT WARNING * * *
The orc wizard freezes you.
You die...

#.# #.##.# #.# #.##.#
..######.#####.##.#
#.................#######
...........######........
#.######.### #########
#.# #o# #@# .######o###
..5...!...# ###....5..#
....#.....# ###.......#
##......# #.##.#.. #.
#..###


You could see 2 orc wizards and a crimson imp.

Vanquished Creatures
  The ghost of Agrougrou the Poker, an amateur OgSk (D:4)
  Prince Ribbit (D:7)
  A water moccasin (D:6)
  An orc warrior (D:7)
  3 sky beasts
  2 ice beasts
  2 ogres (D:4)
  4 bullfrogs
  A scorpion (D:4)
  A crimson imp (D:7)
  3 jellies
  2 hounds
  4 iguanas
  Terence (D:3)
  7 orc wizards
  3 worker ants
  A hound zombie (D:5)
  A howler monkey zombie (D:5)
  9 adders
  An adder skeleton (D:4)
  2 worms
  A dart slug (D:1)
  2 leopard geckos
  11 orcs
  7 bats
  3 giant cockroaches
  2 goblins
  5 hobgoblins
  4 jackals (D:5)
  4 quokkas
  3 frilled lizards
  7 kobolds
  A leopard gecko zombie (D:7)
  6 rats
107 creatures vanquished.

Notes
Turn   | Place    | Note
-------+----------+-------------------------------------------
     0 | D:1      | Linguinho the Troll Hunter began the quest for the Orb.
     0 | D:1      | Reached XP level 1. HP: 19/19 MP: 0/0
   215 | D:1      | Reached XP level 2. HP: 17/28 MP: 1/1
  1086 | D:2      | Reached XP level 3. HP: 35/35 MP: 2/2
  1103 | D:2      | Reached skill level 1 in Unarmed Combat
  1241 | D:2      | Found a hide-covered altar of Uskayaw.
  1242 | D:2      | Found a basalt altar of Yredelemnul.
  1432 | D:3      | Noticed Terence
  1448 | D:3      | HP: 1/35 [Terence/flail (4)]
  1463 | D:3      | Killed Terence
  1591 | D:3      | Found a deep blue altar of Sif Muna.
  1830 | D:3      | Reached XP level 4. HP: 42/42 MP: 3/3
  1913 | D:3      | Reached skill level 2 in Unarmed Combat
  1915 | D:3      | Reached skill level 1 in Stealth
  1953 | D:3      | Reached XP level 5. HP: 18/49 MP: 4/4
  2153 | D:4      | Reached skill level 3 in Unarmed Combat
  2207 | D:4      | Found Ehietse's Antique Armour Boutique.
  2320 | D:4      | Noticed Agrougrou's ghost (amateur OgSk)
  2555 | D:4      | Killed Agrougrou's ghost
  2555 | D:4      | Reached skill level 4 in Unarmed Combat
  2555 | D:4      | Reached XP level 6. HP: 17/57 MP: 5/5
  2594 | D:4      | Reached skill level 5 in Unarmed Combat
  2598 | D:4      | Reached XP level 7. HP: 29/65 MP: 6/6
  2693 | D:4      | Reached skill level 6 in Unarmed Combat
  3244 | D:5      | Entered Level 5 of the Dungeon
  3367 | D:5      | Reached skill level 7 in Unarmed Combat
  3375 | D:5      | Reached XP level 8. HP: 59/74 MP: 7/7
  3606 | D:5      | Reached skill level 5 in Throwing
  4013 | D:5      | Reached skill level 8 in Unarmed Combat
  4326 | D:6      | Found a staircase to the Ecumenical Temple.
  4821 | D:7      | Reached skill level 9 in Unarmed Combat
  4882 | D:7      | Reached XP level 9. HP: 80/80 MP: 8/8
  4979 | D:7      | Noticed Prince Ribbit
  5025 | D:7      | Killed Prince Ribbit
  5034 | D:7      | HP: 3/80 [orc wizard/dagger of freezing (4)]
  5034 | D:7      | HP: 1/80 [orc wizard/dagger of freezing (2)]
  5038 | D:7      | Slain by an orc wizard

Skill      XL: |  1  2  3  4  5  6  7  8  9 |
---------------+----------------------------+-----
Throwing       | 4 5 6 |  6.1
Unarmed Combat | 1 2 4 5 7 9 |  9.5
Dodging        | 2 3 |  3.3
Stealth        | 1 |  1.5
Fighting       | 2 |  2.7

Action                   |  1- 3 |  4- 6 |  7- 9 || total
-------------------------+-------+-------+-------++-------
Melee: Unarmed           |    94 |    97 |   148 ||   339
       Punch             |       |     3 |     7 ||    10
Throw: Tomahawk          |       |    18 |    62 ||    80
       Large rock        |       |     6 |     4 ||    10
  Use: Potion            |       |       |     5 ||     5
 Stab: Sleeping          |     3 |     1 |     4 ||     8
  Eat: Chunk             |    20 |     8 |    23 ||    51
Armor: Robe              |    29 |    26 |    37 ||    92
Dodge: Dodged            |    55 |    40 |    57 ||   152
